 Dungeon Crawl Stone Soup version 0.30.1-9-gdf580d7c3d (webtiles) character file.

Game seed: 6364708159376655871

65921 Kranky the Fighter (level 14, -14/132 HPs)
             Began as a Minotaur Fighter on Oct 22, 2023.
             Was the Champion of the Shining One.
             Demolished by a death yak simulacrum (28 damage)
             ... in a Gauntlet.
             The game lasted 00:48:01 (21688 turns).

Kranky the Fighter (Minotaur Fighter)              Turns: 21688, Time: 00:48:02

Health: -14/132    AC: 15    Str: 28    XL:     14   Next: 77%
Magic:  18/18      EV: 12    Int:  9    God:    the Shining One [******]
Gold:   477        SH: 16    Dex: 11    Spells: 13/13 levels left

rFire   + . .        w - +3 trident (venom)
rCold   . . .        L - +0 kite shield
rNeg    + + +        y - +1 chain mail {rF+}
rPois   .            K - +0 hat
rElec   +            N - scarf {repulsion}
rCorr   .            p - +0 pair of gloves of Wischi {Int+4 Slay+5 SInv}
SInv    +            (no boots)
Will    +++..        s - amulet "Voc Feub" {Reflect rElec Regen+ Str+3 SH+5} Stlth
                     Z - ring of willpower
HPRegen 1.22/turn    m - ring "Bujihor" {Will+ Slay+4}
MPRegen 0.16/turn

%: no teleportation, repel missiles, reflection
@: glowing
A: horns 2, retaliatory headbutt
a: Renounce Religion, Divine Shield, Cleansing Flame, Summon Divine Warrior,
Brand Weapon With Holy Wrath


You were in a Gauntlet.
You worshipped the Shining One.
The Shining One was exalted by your worship.
You visited 5 branches of the dungeon, and saw 22 of its levels.
You also visited: Gauntlet.

You collected 2338 gold pieces.
You spent 1861 gold pieces at shops.

Inventory:

Hand Weapons
 w - a +3 trident of venom (weapon)
Missiles
 E - 3 throwing nets (quivered)
Armour
 p - the +0 pair of gloves of Wischi (worn) {Int+4 Slay+5 SInv}
   (You found it on level 2 of the Dungeon)

   Int:       It affects your intelligence (+4).
   Slay:      It affects your accuracy & damage with ranged weapons and melee
   (+5).
   SInv:      It lets you see invisible.
 y - a +1 chain mail of fire resistance (worn)
 K - a +0 hat (worn)
 L - a +0 kite shield (worn)
 N - a scarf of repulsion (worn)
Jewellery
 m - the ring "Bujihor" (right hand) {Will+ Slay+4}
   (You bought it in a shop on level 9 of the Dungeon)

   [ring of slaying]

   Slay:      It affects your accuracy & damage with ranged weapons and melee
   (+4).
   Will:      It increases your willpower.
 r - a ring of fire
 s - the amulet "Voc Feub" (around neck) {Reflect rElec Regen+ Str+3 SH+5}
   (You bought it in a shop on level 2 of the Orcish Mines)

   [amulet of reflection]

   It reflects blocked missile attacks.
   Str:       It affects your strength (+3).
   rElec:     It insulates you from electricity.
   Regen:     It increases your rate of health regeneration.
   SH:        It affects your SH (+5).
 T - the ring of Lasoah {Fly SInv}
   (You found it on level 11 of the Dungeon)

   [ring of flight]

   SInv:      It lets you see invisible.
   Fly:       It grants you flight.
 Z - a ring of willpower (left hand)
Wands
 a - a wand of charming (32)
 c - a wand of flame (57)
 k - a wand of mindburst (8)
 o - a wand of iceblast (38)
 u - a wand of quicksilver (21)
 V - a wand of digging (14)
Scrolls
 e - 7 scrolls of immolation
 i - 5 scrolls of blinking
 j - 7 scrolls of teleportation
 l - a scroll of identify
 C - 2 scrolls of amnesia
 D - 2 scrolls of brand weapon
 F - 4 scrolls of fear
 G - a scroll of fog
 P - 5 scrolls of magic mapping
 S - a scroll of enchant weapon
Potions
 d - 4 potions of might
 g - 16 potions of curing
 n - 2 potions of haste
 q - 3 potions of cancellation
 v - 3 potions of magic
 x - 4 potions of ambrosia
 A - 9 potions of flight
 H - 4 potions of brilliance
 J - a potion of heal wounds
 R - 2 potions of resistance
Miscellaneous
 b - a condenser vane


   Skills:
 + Level 14.2 Fighting
 + Level 14.0 Polearms
 + Level 14.1 Armour
 - Level 10.0 Dodging
 - Level 12.0 Shields
 + Level 7.2 Invocations
 + Level 9.1 Evocations


You had 13 spell levels left.
You didn't know any spells.
Your spell library contained the following spells:

 Spells                   Type           Power      Damage    Failure   Level
 Foxfire                  Conj/Fire      0%         2x1d4     88%         1
 Freeze                   Ice            0%         1d3       88%         1
 Shock                    Conj/Air       0%         1d3       88%         1
 Sting                    Tmut/Pois      0%         1d3       88%         1
 Cigotuvi's Dreadful Rot  Necr/Pois/Air  0%         N/A       96%         2
 Ensorcelled Hibernation  Hex/Ice        0%         N/A       96%         2
 Passwall                 Tmut/Erth      0%         N/A       96%         2
 Poisonous Vapours        Pois/Air       0%         N/A       96%         2
 Frozen Ramparts          Ice            0%         1d1       99%         3
 Hailstorm                Conj/Ice       0%         3d3       99%         3
 Ignite Poison            Fire/Tmut/Pois 0%         N/A       99%         3
 Swiftness                Air            0%         N/A       99%         3
 Vhi's Electric Charge    Tloc/Air       0%         N/A       99%         3
 Airstrike                Air            0%         2d(0-16)  100%        4
 Olgreb's Toxic Radiance  Pois           0%         N/A       100%        4
 Arcjolt                  Conj/Air       0%         1d10      100%        5
 Fireball                 Conj/Fire      0%         3d3       100%        5
 Freezing Cloud           Conj/Ice/Air   0%         6-21      100%        5
 Plasma Beam              Fire/Air       0%         2x1d11    100%        6
 Starburst                Conj/Fire      0%         6d3       100%        6
 Maxwell's Capacitive Co  Air            0%         ∞         100%        8


Dungeon Overview and Level Annotations

Branches:
Dungeon (13/15)            Temple (1/1) D:4            Lair (5/5) D:10
  Swamp (0/4) Lair:2        Snake (0/4) Lair:3        Slime (1/5) Lair:4
    Orc (2/2) D:11            Elf (0/3) Orc:2       Gauntlet (1/1)
 Vaults: D:13-14

Altars:
Ashenzari
Cheibriados
Dithmenos
Elyvilon
Fedhas
Gozag
Hepliaklqana
Kikubaaqudgha
Makhleb
Nemelex Xobeh
Okawaru
Qazlal
Ru
Sif Muna
Trog
Uskayaw
Vehumet
Wu Jian
Xom
Yredelemnul
Zin
The Shining One
Jiyva

Shops:
D:1 :   D:2 ?   D:9 =   Orc:2 !*!*

Annotations:
Gauntlet 11 transporters, 21 runed translucent doors


Innate Abilities, Weirdness & Mutations

You have a pair of horns on your head.
You reflexively headbutt those who attack you in melee.


Message History

The death yak simulacrum freezes you!!
* * * LOW HITPOINT WARNING * * *
Okay, then.
You feel much better.
You hit the death yak simulacrum.
The death yak simulacrum is lightly damaged.
You block the death yak simulacrum's attack.
You puncture the death yak simulacrum!
The death yak simulacrum is heavily damaged.
You hit the death yak simulacrum but do no damage.
You headbutt the death yak simulacrum.
The death yak simulacrum is heavily damaged.
The death yak simulacrum gores you but does no damage.
You impale the death yak simulacrum!!
The death yak simulacrum vaporises!
A death yak simulacrum comes into view.
You puncture the death yak simulacrum!
You headbutt the death yak simulacrum, but do no damage.
The death yak simulacrum is moderately damaged.
The death yak simulacrum gores you but does no damage.
You puncture the death yak simulacrum! You headbutt the death yak simulacrum!!
The death yak simulacrum is almost destroyed.
You completely miss the death yak simulacrum.
The death yak simulacrum is almost destroyed.
You puncture the death yak simulacrum!
The death yak simulacrum vaporises!
You puncture the death yak simulacrum!
The death yak simulacrum is moderately damaged.
The death yak simulacrum gores you!
* * * LOW HITPOINT WARNING * * *
The death yak simulacrum freezes you!!
* * * LOW HITPOINT WARNING * * *
Unknown command.
You feel much better.
You puncture the death yak simulacrum!
The death yak simulacrum is heavily damaged.
The death yak simulacrum gores you!
* * * LOW HITPOINT WARNING * * *
The death yak simulacrum freezes you!!
You die...

########...########***,,***
.........≈.§..#.©.#.....*
........§8§...#...#.8...***
.........≈..§.#.©.#.....*8*
########...###########..***
..©[!..#...##.[.©!).##..*
##.##5.#...#.#.....#.#..***
##.##5##...#..#...#..#..*8*
5.....3#...#...#@#...#..***
#..#.###...#...Z#....#..*
..##.###...#..)#©#...#..***
,,,#...#...#..#...#..#..*8*
,**.##.#.∩.#.#.....#.#..***
,**.##.#...##Yp.....##..*
***#####...###########..***
,,©.............©.......*8*
,,,.....≈∩≈............≈***


You could see a death yak simulacrum.

Vanquished Creatures
  An ettin (Orc:2)
  A centaur warrior (D:13)
  2 hydras (Lair:5)
  2 catoblepae (Lair:5)
  3 two-headed ogres
  8 death yaks
  A deep troll shaman (Lair:5)
  A skyshark (Lair:5)
  6 orc high priests
  Lodul (D:9)
  A lindwurm (Lair:5)
  5 orc knights (Orc:2)
  A necromancer (Gauntlet)
  A deep elf pyromancer (D:13)
  5 oklob plants
  2 orc sorcerers
  2 cyclopes (D:11)
  3 manticores (D:11)
  8 elephants
  2 torpor snails
  2 gargoyles
  10 cane toads
  Psyche (D:9)
  2 unseen horrors (D:12)
  3 rime drakes
  7 komodo dragons
  3 kobold demonologists
  A merfolk (D:11)
  4 trolls
  4 polar bears
  3 hornets
  17 blink frogs
  2 dream sheep (Lair:5)
  3 slime creatures (D:13)
  Sigmund (D:2)
  A shadow (D:13)
  A centaur simulacrum (D:10)
  A water elemental (D:11)
  7 wyverns
  31 yaks
  4 wraiths
  2 hogs (D:11)
  4 basilisks
  A steam dragon (D:8)
  5 nagas (Lair:3)
  A warg (D:11)
  2 acid dragons
  18 water moccasins
  An ice beast (D:7)
  2 sky beasts
  19 black bears
  34 orc warriors
  39 wolves
  5 centaurs
  13 ogres
  9 kobold brigands
  14 bullfrogs
  4 gnoll sergeants
  3 scorpions
  3 wights (D:9)
  9 killer bees (D:9)
  6 howler monkeys
  8 electric eels
  34 orc priests
  5 hounds
  A jelly (D:4)
  2 gnoll boudas
  16 orc wizards
  Natasha (thrice) (D:2)
  2 sleepcaps
  6 hell rats (Lair:4)
  Robin (D:3)
  8 adders
  25 gnolls
  4 shadow imps
  3 ufetubi
  3 worms
  3 dart slugs
  69 orcs
  4 bats
  13 endoplasms
  A giant cockroach (D:4)
  14 goblins
  15 hobgoblins
  6 jackals
  A quokka (D:1)
  8 ball pythons
  5 frilled lizards
  27 kobolds
  4 rats
649 creatures vanquished.

Notes
Turn   | Place    | Note
-------+----------+-------------------------------------------
     0 | D:1      | Kranky the Minotaur Fighter began the quest for the Orb.
     0 | D:1      | Reached XP level 1. HP: 19/19 MP: 0/0
   190 | D:1      | Found a faded altar of an unknown god.
   195 | D:1      | Reached XP level 2. HP: 27/27 MP: 1/1
   202 | D:1      | Found Wiewost's Vocational Training.
   528 | D:1      | Reached XP level 3. HP: 33/33 MP: 2/2
   728 | D:2      | Found Enas's Magic Scroll Shop.
   731 | D:2      | Bought a scroll of teleportation for 42 gold pieces
  1047 | D:2      | Noticed Natasha
  1053 | D:2      | Killed Natasha
  1054 | D:2      | Reached XP level 4. HP: 38/41 MP: 3/3
  1115 | D:2      | Noticed Sigmund
  1299 | D:2      | Noticed Natasha
  1305 | D:2      | Killed Natasha
  1707 | D:2      | Identified the +0 pair of gloves of Wischi {Int+4 Slay+5
                  | SInv}
  1847 | D:2      | Noticed Natasha
  1854 | D:2      | Killed Natasha
  1855 | D:2      | Reached XP level 5. HP: 47/47 MP: 4/4
  2299 | D:3      | Noticed Robin
  2314 | D:3      | Reached skill level 1 in Dodging
  2317 | D:3      | Killed Robin
  2323 | D:3      | Reached skill level 1 in Evocations
  3147 | D:2      | Killed Sigmund
  3148 | D:2      | Reached skill level 5 in Fighting
  3148 | D:2      | Reached skill level 5 in Armour
  3148 | D:2      | Reached skill level 5 in Shields
  3148 | D:2      | Reached XP level 6. HP: 56/56 MP: 5/5
  3289 | D:4      | Found a staircase to the Ecumenical Temple.
  3295 | D:4      | Reached XP level 7. HP: 55/61 MP: 6/6
  3306 | Temple   | Entered the Ecumenical Temple
  3473 | Temple   | Became a worshipper of the Shining One
  3794 | D:4      | Found a glowing silver altar of Zin.
  3794 | D:4      | Noticed an angel
  4602 | D:5      | Entered Level 5 of the Dungeon
  4686 | D:5      | Reached skill level 5 in Polearms
  5177 | D:6      | Found an opulent altar of Gozag.
  5177 | D:6      | Found a shimmering altar of Xom.
  5189 | D:6      | Reached XP level 8. HP: 70/70 MP: 7/7
  5389 | D:6      | Reached * piety under the Shining One
  6266 | D:7      | Reached XP level 9. HP: 79/79 MP: 8/8
  6521 | D:7      | Found a transporter.
  6522 | D:7      | Noticed a kobold demonologist
  6532 | D:7      | Found an ancient bone altar of Kikubaaqudgha.
  6546 | D:7      | Found a hazy altar of Hepliaklqana.
  6619 | D:7      | Found a transporter.
  6692 | D:7      | Found an ornate altar of the Wu Jian Council.
  6978 | D:7      | Noticed a rust devil
  6980 | D:7      | Killed a kobold demonologist
  6981 | D:7      | Reached skill level 5 in Dodging
  7157 | D:8      | Reached ** piety under the Shining One
  7304 | D:8      | Noticed a two-headed ogre
  7315 | D:8      | Killed a two-headed ogre
  7316 | D:8      | Reached XP level 10. HP: 56/88 MP: 9/9
  7424 | D:8      | Reached skill level 5 in Evocations
  7579 | D:8      | Found an iron altar of Okawaru.
  7828 | D:9      | Found Loank's Jewellery Emporium.
  8304 | D:9      | Noticed Psyche
  8374 | D:9      | Killed Psyche
  8520 | D:10     | Entered Level 10 of the Dungeon
  8520 | D:10     | Noticed an oklob plant
  8608 | D:10     | Found a staircase to the Lair.
  8608 | D:10     | Noticed an oklob plant
  8695 | D:10     | Reached *** piety under the Shining One
  8855 | D:10     | Noticed Lodul
  9143 | D:9      | Killed Lodul
  9206 | D:10     | Reached XP level 11. HP: 63/97 MP: 10/10
  9303 | D:10     | Found a shadowy altar of Dithmenos.
  9989 | D:10     | Killed an oklob plant
 10082 | D:10     | Killed an oklob plant
 10602 | D:11     | Reached skill level 10 in Fighting
 10602 | D:11     | Reached skill level 10 in Shields
 10779 | D:11     | Found a staircase to the Orcish Mines.
 10882 | D:11     | Reached skill level 10 in Armour
 10888 | D:11     | Reached skill level 10 in Polearms
 11112 | D:11     | Identified the ring of Lasoah {Fly SInv}
 11411 | D:11     | Reached **** piety under the Shining One
 11473 | D:11     | Noticed a two-headed ogre
 11478 | D:11     | Killed a two-headed ogre
 11479 | D:11     | Reached XP level 12. HP: 108/108 MP: 11/11
 11482 | D:11     | Found a shimmering altar of Xom.
 12777 | Lair:1   | Entered Level 1 of the Lair of Beasts
 13649 | Lair:2   | Found a staircase to the Swamp.
 14281 | Lair:3   | Reached skill level 1 in Invocations
 15063 | Lair:3   | Found a staircase to the Snake Pit.
 15752 | Lair:4   | Reached skill level 10 in Dodging
 15759 | Lair:4   | Reached XP level 13. HP: 62/117 MP: 13/13
 16117 | Lair:4   | Found a staircase to the Slime Pits.
 16117 | Lair:4   | Found a viscous altar of Jiyva.
 17143 | Slime:1  | Entered Level 1 of the Pits of Slime
 17166 | Lair:5   | Entered Level 5 of the Lair of Beasts
 17173 | Lair:5   | Reached ***** piety under the Shining One
 17957 | Lair:5   | Reached skill level 5 in Invocations
 18517 | Lair:5   | Reached XP level 14. HP: 97/129 MP: 17/17
 18540 | Lair:5   | HP: 4/129 [catoblepas (15)]
 19396 | Orc:1    | Entered Level 1 of the Orcish Mines
 19714 | D:9      | Bought the ring "Bujihor" {Will+ Slay+4} for 996 gold
                  | pieces
 19929 | Orc:2    | Entered Level 2 of the Orcish Mines
 20556 | Orc:2    | Reached ****** piety under the Shining One
 20756 | Orc:2    | Found a staircase to the Elven Halls.
 20936 | Orc:2    | Found Weirr's General Store.
 20936 | Orc:2    | Found Bituegre's Distillery.
 20937 | Orc:2    | Found Enaag's Assorted Antiques.
 20937 | Orc:2    | Found Onia's Distillery.
 20947 | Orc:2    | Bought a potion of haste for 160 gold pieces
 20967 | Orc:2    | Bought a potion of haste for 160 gold pieces
 20970 | Orc:2    | Bought the amulet "Voc Feub" {Reflect rElec Regen+ Str+3
                  | SH+5} for 503 gold pieces
 21366 | D:13     | Found a gate leading to a gauntlet.
 21375 | Gauntlet | Entered a Gauntlet
 21375 | Gauntlet | Found the +0 mask of the Dragon {Will+ Slay+3 SInv}
 21375 | Gauntlet | Found a transporter.
 21375 | Gauntlet | Found a transporter.
 21391 | Gauntlet | Found a transporter.
 21395 | Gauntlet | Found a transporter.
 21407 | Gauntlet | Found a transporter.
 21426 | Gauntlet | Found a transporter.
 21441 | Gauntlet | Found a transporter.
 21449 | Gauntlet | Found a transporter.
 21451 | Gauntlet | Found a large runed translucent door.
 21452 | Gauntlet | Found a large runed translucent door.
 21453 | Gauntlet | Found a large runed translucent door.
 21453 | Gauntlet | Found a large runed translucent door.
 21453 | Gauntlet | Found a large runed translucent door.
 21491 | Gauntlet | Found a transporter.
 21506 | Gauntlet | Found a transporter.
 21508 | Gauntlet | Found a large runed translucent door.
 21509 | Gauntlet | Found a large runed translucent door.
 21510 | Gauntlet | Found a large runed translucent door.
 21510 | Gauntlet | Found a large runed translucent door.
 21510 | Gauntlet | Found a runed translucent door.
 21510 | Gauntlet | Found a runed translucent door.
 21511 | Gauntlet | Found a large runed translucent door.
 21512 | Gauntlet | Found a large runed translucent door.
 21513 | Gauntlet | Found a large runed translucent door.
 21513 | Gauntlet | Found a large runed translucent door.
 21514 | Gauntlet | Found a runed translucent gate.
 21514 | Gauntlet | Found a runed translucent gate.
 21514 | Gauntlet | Found a runed translucent gate.
 21516 | Gauntlet | Found a transporter.
 21525 | Gauntlet | Found a large runed translucent door.
 21526 | Gauntlet | Found a large runed translucent door.
 21527 | Gauntlet | Found a large runed translucent door.
 21531 | Gauntlet | Found a transporter.
 21543 | Gauntlet | Found a transporter.
 21557 | Gauntlet | Found a transporter.
 21569 | Gauntlet | Found a transporter.
 21573 | Gauntlet | Found a transporter.
 21584 | Gauntlet | Found a transporter.
 21586 | Gauntlet | Found a large runed translucent door.
 21587 | Gauntlet | Found a large runed translucent door.
 21588 | Gauntlet | Found a large runed translucent door.
 21588 | Gauntlet | Found a large runed translucent door.
 21589 | Gauntlet | Found a runed translucent door.
 21590 | Gauntlet | Found a transporter.
 21591 | Gauntlet | Found a runed translucent door.
 21614 | Gauntlet | Found a transporter.
 21634 | Gauntlet | Found a transporter.
 21676 | Gauntlet | HP: 5/132 [death yak simulacrum (26)]
 21686 | Gauntlet | HP: 1/132 [death yak simulacrum (27)]
 21688 | Gauntlet | Demolished by a death yak simulacrum

Illustrated notes

Levels and vault maps discovered:
D:1:      lightli_arrival_statue_moat, layout_loops_ring,
          shapermc_ecumenical_altar_pompeii, minmay_gold_behind_fungi,
          nicolae_shop_vocational
D:2:      layout_basic, serial_shops, shop, serial_forest,
          infiniplex_forest_clump_small, infiniplex_forest_clump_medium,
          infiniplex_forest_lined_3_way, infiniplex_forest_lined_3,
          infiniplex_forest_clump_tiny, infiniplex_forest_corner_1,
          uniq_sigmund, uniq_natasha
D:3:      layout_basic, minmay_pentangle, uniq_robin
D:4:      layout_layer_cave, zin_angel, minmay_temple_entry_glass, st_stairs_10
D:5:      layout_loops_ring, dk_noncrumbling_4, minmay_misc_feat_doors
D:6:      layout_basic, grunt_temple_overflow_open
D:7:      gammafunk_wand_slinger, layout_basic, mainiacjoe_overflow_big_doors,
          nzn_wu_jian_council_hall
D:8:      layout_cave_pools, okawaru_altar_gauntlet_db
D:9:      layout_cave_pools, serial_shops, shop, chequers_garden, uniq_psyche
D:10:     layout_cave_pools, mainiacjoe_overflow_catwalk, dpeg_oklobed_lair,
          serial_ice, serial_ice_o, serial_ice_d, serial_ice_l, serial_ice_m,
          hex_medium, uniq_lodul
D:11:     kennysheep_town
D:12:     layout_loops_ring, minmay_misc_feat_square
D:13:     layout_loops_cross, gauntlet_entry_generic, minmay_holes, tso_altar,
          uniq_frances
Temple:   nicolae_temple_two_arcs
Lair:1:   layout_roguey, chequers_serial_rivers_micro_b,
          infiniplex_staircase_pool, grunt_megastairs_1
Lair:2:   layout_roguey, swamp_mist_pool
Lair:3:   layout_long_grid, minmay_snake_entry_guardpost_large
Lair:4:   layout_regular_city, minmay_slime_entry_oklob_open
Lair:5:   grunt_lair_end_beastmaster, layout_gridlike,
          nicolae_lair_grove_arrangements, serial_bayou_ford_a
Slime:1:  layout_caves
Orc:1:    layout_caves
Orc:2:    st_orc_pillars, layout_diamond_mine, hellmonk_bongcloud_opening
Gauntlet: gammafunk_gauntlet_shortcut [nicolae_gauntlet_arena_x,
          gammafunk_gauntlet_arena_teeth, gammafunk_gauntlet_arena_crates,
          nicolae_gauntlet_arena_flowing_pool,
          minmay_gauntlet_arena_make_your_own_arena,
          nicolae_gauntlet_arena_quarters,
          nicolae_gauntlet_exit_dead_adventurers]

Skill      XL: |  1  2  3  4  5  6  7  8  9 10 11 12 13 14 |
---------------+-------------------------------------------+-----
Shields        | 4 5 6 8 9 10 11 12 | 12.0
Fighting       | 4 5 7 8 9 10 11 13 14 | 14.2
Armour         | 4 5 6 8 9 10 11 13 14 | 14.1
Polearms       | 3 4 5 6 7 9 10 11 13 14 | 14.0
Dodging        | 1 2 3 4 5 7 8 10 | 10.0
Evocations     | 1 2 3 4 6 8 9 |  9.1
Invocations    | 2 5 7 |  7.2

Action                     |  1- 3 |  4- 6 |  7- 9 | 10-12 | 13-15 || total
---------------------------+-------+-------+-------+-------+-------++-------
  Melee: Trident           |    97 |   116 |   223 |   604 |   715 ||  1755
         Headbutt          |     9 |    19 |    26 |   138 |   161 ||   353
  Evoke: Wand              |       |       |     3 |       |     3 ||     6
    Use: Scroll            |       |       |       |    27 |     1 ||    28
         Potion            |       |       |       |       |     5 ||     5
 Armour: Scale mail        |    23 |    10 |       |       |       ||    33
         Chain mail        |       |       |    27 |    82 |    92 ||   201
  Dodge: Dodged            |    21 |    24 |    66 |   177 |   164 ||   452
         Repelled          |       |       |       |    10 |     6 ||    16
  Block: Buckler           |     6 |    32 |    32 |       |       ||    70
         Reflection        |       |     2 |     5 |    27 |    15 ||    49
         Kite shield       |       |       |    72 |   341 |   300 ||   713
